 Dungeon Crawl Stone Soup version 0.21.1-1-g345015f (webtiles) character file.

59296 wojtek the Cleaver (level 14, 0/127 HPs)
             Began as a Minotaur Fighter on July 9, 2018.
             Was a High Priest of Makhleb.
             Slain by a yak (7 damage)
             ... on level 14 of the Dungeon.
             The game lasted 00:43:19 (22955 turns).

wojtek the Cleaver (Minotaur Fighter)              Turns: 22955, Time: 00:43:20

Health: 0/127      AC: 26    Str: 24    XL:     14   Next: 52%
Magic:  20/20      EV: 12    Int:  7    God:    Makhleb [*****.]
Gold:   1516       SH: 18    Dex: 12    Spells: 13/13 levels left

rFire    . . .     SeeInvis +   a - +0 war axe
rCold    . . .     Gourm    .   b - +1 shield of Prudence {+Fly Regen+ SInv}
rNeg     . . .     Faith    .   C - +0 plate armour
rPois    .         Spirit   .   e - +0 hat {MR+}
rElec    .         Reflect  +   q - +2 cloak {MR+}
rCorr    .         Harm     .   D - +0 pair of gloves
MR       +++..                  c - +0 pair of boots of the Sneaky Songs {Int+2} (curse)
Stlth    ..........             m - +4 amulet of reflection
HPRegen  0.71/turn              (no ring)
MPRegen  0.17/turn              I - +4 ring of protection

@: no status effects
A: retaliatory headbutt, horns 2
a: Minor Destruction, Lesser Servant of Makhleb, Major Destruction, Greater
Servant of Makhleb, Renounce Religion, Evoke Flight


You were on level 14 of the Dungeon.
You worshipped Makhleb.
Makhleb was extremely pleased with you.
You were not hungry.

You visited 2 branches of the dungeon, and saw 20 of its levels.
You also visited: Labyrinth and Ice Cave.

You collected 1516 gold pieces.

Inventory:

Hand Weapons
 a - a +0 war axe (weapon)
 T - a +0 battleaxe
Armour
 b - the +1 shield of Prudence (worn) {+Fly Regen+ SInv}
   (You found it in an ice cave)

   It lets you see invisible.
   It lets you fly.
   It increases your rate of regeneration.
 c - the cursed +0 pair of boots of the Sneaky Songs (worn) {Int+2}
   (You found it on level 12 of the Dungeon)

   It affects your intelligence (+2).
   It has a curse placed upon it.
 e - a +0 hat of magic resistance (worn)
 q - a +2 cloak of magic resistance (worn)
 C - a +0 plate armour (worn)
 D - a +0 pair of gloves (worn)
Jewellery
 h - an uncursed ring of resist corrosion
 m - a +4 amulet of reflection (around neck)
 H - an uncursed ring of fire
 I - a +4 ring of protection (right hand)
 L - an uncursed ring of ice
 S - an uncursed ring of poison resistance
Wands
 s - a wand of polymorph (13)
 u - a wand of disintegration (3)
 z - a wand of paralysis (3)
 M - a wand of flame (18)
Scrolls
 j - 2 scrolls of blinking
 k - 5 scrolls of magic mapping
 l - 7 scrolls of teleportation
 n - 12 scrolls of identify
 r - 3 scrolls of fear
 v - 11 scrolls of remove curse
 y - a scroll of fog {unknown}
 B - a scroll of noise {unknown}
 F - 2 scrolls of enchant weapon
 K - 3 scrolls of amnesia
 P - a scroll of brand weapon {unknown}
Potions
 d - 4 potions of might
 g - a potion of berserk rage {unknown}
 i - a potion of heal wounds
 o - 5 potions of flight
 t - 4 potions of curing
 x - a potion of cancellation {unknown}
 E - 2 potions of magic {unknown}
 J - 4 potions of agility {unknown}
Comestibles
 f - 39 rations
 p - 17 chunks of flesh


   Skills:
 + Level 12.9 Fighting
 + Level 13.5 Axes
 + Level 12.9 Armour
 + Level 11.4 Dodging
 + Level 12.9 Shields
 - Level 10.0 Invocations


You had 13 spell levels left.
You didn't know any spells.

Dungeon Overview and Level Annotations

Branches:
Dungeon (14/15)            Temple (0/1) D:6            Lair (6/6) D:10
 Shoals (0/4) Lair:3       Spider (0/4) Lair:2        Slime (0/5) Lair:6
    Orc (0/2) D:11
 Vaults: D:13-14

Altars:
Dithmenos
Elyvilon
Fedhas
Hepliaklqana
Kikubaaqudgha
Makhleb
Okawaru
Trog
The Shining One
Jiyva

Shops:
D:5 [(   D:11 ([   D:14 =


Innate Abilities, Weirdness & Mutations

You reflexively headbutt those who attack you in melee.
You have a pair of horns on your head.


Message History

You block the yak's attack. x2; The yak gores you.
* * * LOW HITPOINT WARNING * * *
You hear a deafening roar!
A death knight comes into view. It is wielding an enchanted broad axe.
You hit the yak.
The yak is almost dead.
Your plate armour prevents you from hitting the yak.
You hit the fire dragon. You hit the yak but do no damage.
Your neqoxec gestures.
The fire dragon bites you but does no damage.
You block the fire dragon's attack. x2; The yak barely misses you.
Your ufetubus hits the yak but does no damage.
Your ufetubus hits the yak.
Put on which piece of jewellery? (? for menu, Esc to quit)
You're wearing all the rings you can.
Remove which one? (? for menu, Esc to cancel) < or
S - a ring of poison resistance; > or
I - a +4 ring of protection You remove your ring of poison resistance.
The yak gores you!
You die...

#.....(.......
#.####.#####. .# ####.#
#.# ###p## # .(...# #(#
.>... .##
..#######>#######...
...
.........()...##..###.#
.........))(..##5.#...
..#####.#(###..35Y#)#
..# #.#(......@D.(# ..#
#.#####.##YY#.# ..### #
#.###.#... ....### #.#
#.#.#.# ........ #.#
#...#... .....### #.#
#.#.# #.# .....# #.#
#.#.. ... .....# #.#
#.#.#. #. ....## #.# ..
..


You could see a fire dragon, a death knight, 3 yaks, a friendly neqoxec and 2
friendly ufetubi.

Vanquished Creatures
  A minotaur (Lab)
  5 hydras
  4 centaur warriors (D:14)
  9 two-headed ogres
  A queen ant (Lair:3)
  Sonja (D:11)
  An unseen horror (D:14)
  A lindwurm (Lair:6)
  An orb spider (Lair:2)
  An ugly thing (D:13)
  An orc knight (D:11)
  4 cyclopes
  5 elephants (Lair:5)
  5 black mambas
  Psyche (D:9)
  5 torpor snails (Lair:6)
  3 ice statues (IceCv)
  11 spiny frogs
  4 gargoyles
  9 ice devils
  3 komodo dragons
  4 tyrant leeches (Lair:6)
  A queen bee (Lair:2)
  3 trolls
  9 hornets
  A polar bear (Lair:6)
  4 hippogriffs
  18 blink frogs
  Prince Ribbit (D:5)
  A snapping turtle (Lair:3)
  The ghost of CrazyArbalest the Bolt Thrower, an amateur KoHu (D:4)
  A vampire (D:12)
  3 wyverns
  26 yaks
  A wraith (D:8)
  A hog (Lair:4)
  2 basilisks (Lair:1)
  A hungry ghost (D:7)
  A steam dragon (Lair:5)
  The ghost of Space the Slasher, an amateur DsGl of Fedhas (D:3)
  An acid dragon (D:14)
  6 water moccasins
  5 soldier ants (Lair:3)
  7 porcupines
  6 orc warriors
  6 sky beasts
  2 black bears (D:7)
  2 phantoms
  A necrophage (D:8)
  9 wolves
  10 ogres
  14 centaurs
  10 crocodiles
  2 big kobolds
  12 bullfrogs
  A water moccasin skeleton (D:7)
  2 wyvern skeletons
  3 scorpions
  18 killer bees
  5 wights (D:8)
  An electric eel (Lair:3)
  4 howler monkeys
  7 crimson imps
  2 centaur zombies
  A draconian simulacrum (IceCv)
  6 jellies
  A bullfrog zombie (D:13)
  10 orc wizards
  3 bullfrog skeletons
  4 hounds
  3 orc priests
  Crazy Yiuf (D:2)
  6 human zombies (D:8)
  Jessica (D:2)
  2 human skeletons (D:8)
  4 iguanas
  16 worker ants
  A spriggan simulacrum (IceCv)
  4 centaur simulacra (IceCv)
  A hound skeleton (D:10)
  Robin (D:2)
  4 gnolls
  25 adders
  2 ogre simulacra (IceCv)
  2 naga simulacra (IceCv)
  6 shadow imps
  3 adder skeletons
  2 adder zombies
  A worm (D:2)
  3 dart slugs
  3 leopard geckos
  46 orcs
  3 giant cockroaches
  23 goblins
  12 hobgoblins
  12 jackals
  8 quokkas
  2 ball pythons
  5 bats
  5 frilled lizards
  15 kobolds
  An orc zombie (D:8)
  2 quokka skeletons
  A quokka zombie (D:6)
  3 rats
  A bush (D:1)
  A fungus (Lair:5)
  3 plants
551 creatures vanquished.

Vanquished Creatures (collateral kills)
  Gastronok (Lair:1)
  Kirke (Lair:4)
  An ice dragon (Lair:6)
  A necromancer (IceCv)
  A spiny frog (Lair:4)
  An ice devil (Lair:2)
  4 blink frogs
  4 yaks
  2 hogs (Lair:4)
  2 porcupines
  3 water moccasins
  2 wolves (Lair:4)
  2 crocodiles
  A bullfrog (Lair:4)
  14 killer bees (Lair:2)
40 creatures vanquished.

Vanquished Creatures (others)
  A bullfrog (D:12)
  8 fungi
  3 plants (Lair:1)
12 creatures vanquished.

Grand Total: 603 creatures vanquished

Notes
Turn   | Place    | Note
-------+----------+-------------------------------------------
     0 | D:1      | wojtek the Minotaur Fighter began the quest for the Orb.
     0 | D:1      | Reached XP level 1. HP: 19/19 MP: 0/0
   105 | D:1      | Reached skill level 3 in Axes
   124 | D:1      | Reached XP level 2. HP: 25/26 MP: 1/1
   253 | D:1      | Reached skill level 4 in Axes
   921 | D:2      | Noticed Jessica
   933 | D:2      | Killed Jessica
   933 | D:2      | Reached XP level 3. HP: 4/31 MP: 2/2
  1243 | D:2      | Reached skill level 5 in Axes
  1280 | D:2      | Noticed Robin
  1571 | D:2      | Killed Robin
  1571 | D:2      | Reached XP level 4. HP: 35/39 MP: 3/3
  1667 | D:2      | Found a glowing golden altar of the Shining One.
  1667 | D:2      | Found a white marble altar of Elyvilon.
  2142 | D:2      | Found a runed door.
  2197 | D:1      | HP: 1/39 [gnoll/flail (9)]
  2199 | D:1      | Reached skill level 6 in Axes
  2882 | D:2      | Noticed Crazy Yiuf
  2886 | D:2      | Killed Crazy Yiuf
  2886 | D:2      | Reached XP level 5. HP: 46/46 MP: 4/4
  3120 | D:3      | Noticed Space's ghost (amateur DsGl)
  3136 | D:3      | Killed Space's ghost
  3136 | D:3      | Reached skill level 1 in Dodging
  3136 | D:3      | Reached XP level 6. HP: 49/52 MP: 5/5
  3586 | D:3      | Found a burning altar of Makhleb.
  3601 | D:3      | Became a worshipper of Makhleb the Destroyer
  3628 | D:3      | Found a hazy altar of Hepliaklqana.
  3763 | D:4      | Noticed CrazyArbalest's ghost (amateur KoHu)
  3993 | D:4      | Killed CrazyArbalest's ghost
  3993 | D:4      | Reached skill level 1 in Invocations
  3993 | D:4      | Reached XP level 7. HP: 47/60 MP: 5/7
  4859 | D:5      | Entered Level 5 of the Dungeon
  4922 | D:5      | Noticed Prince Ribbit
  4958 | D:5      | Killed Prince Ribbit
  4958 | D:5      | Reached skill level 5 in Fighting
  4958 | D:5      | Reached skill level 7 in Axes
  4958 | D:5      | Reached skill level 5 in Armour
  4958 | D:5      | Reached skill level 5 in Shields
  5081 | D:5      | Found Cyxyzuri's Weapon Boutique.
  5127 | D:5      | Found Viwn's Antique Armour Emporium.
  5147 | D:5      | Reached * piety under Makhleb
  5341 | D:5      | Reached XP level 8. HP: 59/68 MP: 9/9
  6827 | D:6      | Found a staircase to the Ecumenical Temple.
  7001 | D:6      | Noticed a troll
  7013 | D:6      | Killed a troll
  7013 | D:6      | Reached skill level 5 in Invocations
  7013 | D:6      | Reached XP level 9. HP: 44/77 MP: 11/11
  7470 | D:7      | Reached skill level 8 in Axes
  7689 | D:7      | Found a bloodstained altar of Trog.
  7776 | D:7      | Reached skill level 5 in Dodging
  7863 | D:7      | Found an iron altar of Okawaru.
  7907 | D:7      | Reached ** piety under Makhleb
  7980 | D:7      | You fall through a shaft for 3 floors!
  7980 | D:10     | Entered Level 10 of the Dungeon
  8038 | D:9      | Noticed a two-headed ogre
  8114 | D:9      | Noticed a two-headed ogre
  8773 | D:8      | Noticed a two-headed ogre
  8782 | D:8      | Killed a two-headed ogre
  8782 | D:8      | Reached XP level 10. HP: 27/86 MP: 12/14
  9076 | D:8      | Reached skill level 9 in Axes
  9149 | D:8      | Noticed a two-headed ogre
  9156 | D:8      | Killed a two-headed ogre
  9857 | D:8      | Found an ancient bone altar of Kikubaaqudgha.
  9884 | D:8      | Reached *** piety under Makhleb
 10070 | D:9      | Killed a two-headed ogre
 10371 | D:9      | Noticed Psyche
 10375 | D:9      | Killed Psyche
 10496 | D:9      | Noticed a cyclops
 10507 | D:9      | Killed a cyclops
 10507 | D:9      | Reached XP level 11. HP: 55/95 MP: 16/16
 10704 | D:9      | Killed a two-headed ogre
 11194 | D:10     | Noticed a two-headed ogre
 11202 | D:10     | HP: 3/95 [two-headed ogre/giant spiked club (15)]
 11204 | D:10     | Killed a two-headed ogre
 11932 | D:10     | Noticed a two-headed ogre
 11939 | D:10     | Killed a two-headed ogre
 11939 | D:10     | Reached skill level 10 in Axes
 12326 | D:10     | Found a staircase to the Lair.
 12496 | D:11     | Found a labyrinth entrance.
 12503 | Lab      | Entered a labyrinth
 12610 | Lab      | Noticed a minotaur
 12622 | Lab      | Killed a minotaur
 12628 | Lab      | Found the amulet of the Air {Inacc +Fly rElec EV+5 RMsl}
 12647 | D:11     | Reached **** piety under Makhleb
 12656 | D:11     | Noticed an orc knight
 12657 | D:11     | Found Vonoik's Armour Boutique.
 12898 | D:11     | Found a staircase to the Orcish Mines.
 12899 | D:11     | Found Quxyd's Weapon Boutique.
 12906 | D:11     | Noticed a two-headed ogre
 12961 | D:10     | Killed a two-headed ogre
 12977 | D:11     | Killed an orc knight
 13170 | D:11     | Noticed Sonja
 13179 | D:11     | Killed Sonja
 13339 | D:11     | Got a dazzling scale mail
 13347 | D:11     | Identified the +2 scale mail of Card Tricks {Dex+3} (You found it on level 11 of the Dungeon)
 13497 | D:11     | Reached XP level 12. HP: 106/106 MP: 18/18
 13732 | Lair:1   | Entered Level 1 of the Lair of Beasts
 13856 | Lair:1   | Reached skill level 10 in Invocations
 13934 | Lair:1   | Noticed a four-headed hydra
 13951 | Lair:1   | Reached ***** piety under Makhleb
 14345 | Lair:1   | Reached skill level 10 in Fighting
 14389 | Lair:1   | Noticed Gastronok
 14401 | Lair:1   | Killed Gastronok
 14401 | Lair:1   | Reached skill level 11 in Axes
 14401 | Lair:1   | Reached skill level 10 in Armour
 14401 | Lair:1   | Reached skill level 10 in Shields
 15532 | Lair:2   | Killed a four-headed hydra
 15595 | Lair:2   | Found a frozen archway.
 15620 | IceCv    | Entered an ice cave
 16670 | IceCv    | Got a pitted shield
 17173 | IceCv    | Identified the +1 shield of Prudence {+Fly Regen+ SInv} (You found it in an ice cave)
 17281 | Lair:2   | Found a shadowy altar of Dithmenos.
 17290 | Lair:2   | Reached XP level 13. HP: 116/116 MP: 19/19
 17357 | Lair:2   | Found a hole to the Spider Nest.
 18099 | Lair:3   | Found a staircase to the Shoals.
 18380 | Lair:3   | Reached skill level 12 in Axes
 18999 | Lair:4   | Noticed Kirke
 19011 | Lair:4   | Reached skill level 10 in Dodging
 19012 | Lair:4   | Killed Kirke
 20166 | Lair:6   | Entered Level 6 of the Lair of Beasts
 20247 | Lair:6   | Found a viscous altar of Jiyva.
 20316 | Lair:6   | Found a staircase to the Slime Pits.
 20738 | Lair:6   | Found a runed door.
 20751 | Lair:6   | Reached XP level 14. HP: 126/126 MP: 20/20
 20805 | Lair:6   | Reached skill level 13 in Axes
 20824 | Lair:6   | Paralysed by a hornet for 3 turns
 20940 | Lair:6   | HP: 4/127 [tyrant leech (20)]
 20945 | Lair:6   | HP: 1/127 [tyrant leech (13)]
 21966 | D:12     | Found a blossoming altar of Fedhas.
 22382 | D:12     | Got a pair of faintly glowing boots
 22383 | D:12     | Identified the cursed +0 pair of boots of the Sneaky Songs {Int+2} (You found it on level 12 of the Dungeon)
 22812 | D:14     | Found Ceheelikk's Jewellery Shoppe.
 22953 | D:14     | HP: 6/127 [yak (4)]
 22955 | D:14     | Slain by a yak

Skill      XL: |  1  2  3  4  5  6  7  8  9 10 11 12 13 14 |
---------------+-------------------------------------------+-----
Axes           | 3 4 5 6 7 8 9 10 11 12 13 | 13.5
Fighting       | 4 5 6 7 8 9 11 12 | 12.9
Armour         | 4 5 6 7 8 9 11 12 | 12.9
Dodging        | 1 2 3 4 5 6 7 9 10 11 | 11.4
Shields        | 4 5 6 7 8 9 11 12 | 12.9
Invocations    | 1 3 5 6 8 9 10 | 10.0

Action                   |  1- 3 |  4- 6 |  7- 9 | 10-12 | 13-15 || total
-------------------------+-------+-------+-------+-------+-------++-------
Melee: War axe           |    98 |   148 |   358 |   941 |   810 ||  2355
       Headbutt          |    24 |    28 |    74 |   221 |   197 ||   544
Invok: Lesser Servant of |       |       |       |     9 |    17 ||    26
 Abil: Evoke Flight      |       |       |       |       |     1 ||     1
Evoke: Wand              |       |       |       |    27 |    13 ||    40
  Use: Scroll            |     2 |       |     2 |     7 |     9 ||    20
       Potion            |       |       |       |     6 |     4 ||    10
 Stab: Paralysed         |       |       |       |    25 |       ||    25
       Distracted        |       |       |       |     1 |       ||     1
       Invisible         |       |       |       |       |     2 ||     2
  Eat: Chunk             |     2 |     7 |    19 |    19 |    16 ||    63
       Ration            |       |       |       |     3 |     1 ||     4
Armor: Scale mail        |    26 |    55 |    59 |       |       ||   140
       Chain mail        |       |       |   101 |       |       ||   101
       Plate armour      |       |       |     1 |   438 |   332 ||   771
Dodge: Dodged            |    24 |    44 |   103 |   271 |   292 ||   734
Block: Shield            |    35 |    61 |   179 |   555 |   588 ||  1418
       Reflection        |       |       |       |       |    23 ||    23
